 Dungeon Crawl Stone Soup version 0.20.1-1-g8b1a95d (webtiles) character file.

59 digijack the Ducker (level 3, -1/18 HPs)
             Began as a Felid Berserker on Oct 7, 2017.
             Was a Believer of Trog.
             Slain by a gnoll
             ... wielding a +0 spear
              (5 damage)
             ... on level 2 of the Dungeon.
             The game lasted 00:20:47 (1682 turns).

digijack the Ducker (Felid Berserker)               Turns: 1682, Time: 00:20:48

Health: -1/18      AC:  1    Str: 18    XL:     3   Next: 78%
Magic:  4/4        EV: 20    Int:  8    God:    Trog [**....]
Gold:   68         SH:  0    Dex: 15    Spells: 2/2 levels left
                                        Lives:  0   Deaths: 1

rFire    . . .     SeeInvis +     - Unarmed
rCold    . . .     Gourm    .   (shield unavailable)
rNeg     . . .     Faith    .   (armour unavailable)
rPois    .         Spirit   .   (helmet unavailable)
rElec    .         Reflect  .   (cloak unavailable)
rCorr    .         Harm     .   (gloves unavailable)
MR       .....                  (boots unavailable)
Stlth    ++........             (no amulet)
Regen    0.1/turn               h - +4 ring of strength
MPRegen  0.1/turn               (no ring)

@: berserk cooldown, quick
A: no armour, no weapons or thrown items, stealth, claws 1, fangs 3, see
invisible, carnivore 3, speed 1, shaggy fur 1, slow metabolism 1, sharp paws
a: Berserk, Trog's Hand, Burn Spellbooks, Renounce Religion


You were on level 2 of the Dungeon.
You worshipped Trog.
Trog was pleased with you.
You were very full.

You visited 1 branch of the dungeon, and saw 2 of its levels.

You collected 68 gold pieces.

Inventory:

Hand Weapons
 f - a +1 club
 i - a +4 quarterstaff of chaos
Jewellery
 h - a +4 ring of strength (left paw)
Potions
 b - a potion of brilliance
 c - 2 potions of lignification
 j - a potion of agility
Comestibles
 a - 2 meat rations
 d - 3 chunks of flesh


   Skills:
 + Level 3.9 Fighting
 + Level 4.9 Dodging
 * Level 1.7 Stealth
 + Level 4.0 Unarmed Combat


You had 2 spell levels left.
You didn't know any spells.

Dungeon Overview and Level Annotations

Branches:
Dungeon (2/15)

Altars:
Elyvilon


Innate Abilities, Weirdness & Mutations

You cannot wear armour.
You are incapable of wielding weapons or throwing items.
Your paws allow you to move quietly. (Stealth)
You have sharp claws.
You have razor-sharp teeth.
You have supernaturally acute eyesight. (SInv)
You are carnivorous and can eat meat at any time.
You cover ground quickly.
You are covered in fur. (AC +1)
You have a slow metabolism.
Your sharp claws are effective at attacking unaware monsters.


Message History

You feel much better.
The gnoll hits you from afar with a spear.
The gnoll barely misses you.
The gnoll hits you from afar with an enchanted spear.
The gnoll closely misses you. The gnoll completely misses you.
The gnoll closely misses you. The gnoll closely misses you.
The gnoll completely misses you. The gnoll closely misses you.
The gnoll closely misses you.
The gnoll hits you from afar with a spear.
The gnoll hits you from afar with an enchanted spear.
* * * LOW HITPOINT WARNING * * *
You feel better. The gnoll closely misses you. The gnoll misses you.
The gnoll closely misses you. The gnoll misses you.
The gnoll closely misses you.
The gnoll hits you from afar with an enchanted spear!
* * * LOW HITPOINT WARNING * * *
The gnoll misses you.
The gnoll hits you from afar with a spear.
You die...

.)_)......#
.....⌠....#
..........#
.#.#.#.#..############
.........)............
...................##
#############.....(.#
####.g.....## .#
#....g)@....# #.#
#....g....#.# #.#
#....######.####.#
#....# #........#
♣....♣ #........#
♣...♣♣ #.(......#
♣♣.♣♣ #........# .#
♣.♣♣ #........##.#
♣♣.♣ #####..#.##.##


You could see 3 gnolls.

Vanquished Creatures
  Crazy Yiuf (D:2)
  A gnoll (D:2)
  2 adders (D:2)
  A worm (D:2)
  2 dart slugs (D:2)
  A leopard gecko (D:1)
  6 bats
  2 giant cockroaches (D:1)
  9 hobgoblins
  9 jackals
  2 ball pythons
  2 frilled lizards (D:1)
  5 goblins
  3 kobolds
  2 rats
48 creatures vanquished.

Notes
Turn   | Place    | Note
-------+----------+-------------------------------------------
     0 | D:1      | digijack the Felid Berserker began the quest for the Orb.
     0 | D:1      | Reached XP level 1. HP: 10/10 MP: 2/2
   309 | D:1      | Reached XP level 2. HP: 14/14 MP: 3/3
   997 | D:1      | Reached XP level 3. HP: 17/17 MP: 4/4
  1277 | D:2      | Reached ** piety under Trog
  1379 | D:2      | Found a runed door.
  1383 | D:2      | Noticed Crazy Yiuf
  1391 | D:2      | Killed Crazy Yiuf
  1391 | D:2      | Reached skill level 1 in Stealth
  1391 | D:2      | Reached XP level 4. HP: 22/22 MP: 5/5
  1413 | D:2      | Found a white marble altar of Elyvilon.
  1499 | D:2      | Slain by a gnoll
  1500 | D:2      | Reached XP level 3. HP: -3/18 MP: 4/4
  1682 | D:2      | Slain by a gnoll

Skill      XL: |  1  2  3  4 |
---------------+-------------+-----
Stealth        | 1 |  1.7
Unarmed Combat | 4 |  4.0
Fighting       | |  3.9
Dodging        | |  4.9

Action                   |  1- 3 |  4- 6 || total
-------------------------+-------+-------++-------
Melee: Unarmed           |    85 |    18 ||   103
       Bite              |    11 |     2 ||    13
Invok: Berserk           |     9 |     2 ||    11
       Trog's Hand       |     1 |       ||     1
  Use: Potion            |     9 |       ||     9
       Scroll            |     6 |       ||     6
  Eat: Chunk             |    21 |     2 ||    23
Armor: Skin              |    97 |     1 ||    98
Dodge: Dodged            |   124 |    33 ||   157
